Maple Leafs vs Flyers
(R1)
Created - October 20, 2023 at 19:44
Goals
|
| Maple Leafs |
1 |
1 |
1 |
3 |
| Flyers |
2 |
2 |
2 |
6 |
|
Shots
|
| Maple Leafs |
14 |
6 |
5 |
25 |
| Flyers |
12 |
9 |
10 |
31 |
|
1st period
1. Flyers , Jordan Nolan 1 (Travis Zajac 2, Brian Lashoff 2) at 7:08
2. Flyers , Jordan Nolan 2 (Jakub Voracek 3, Nick Ritchie 3) at 10:58
3. Maple Leafs , Jason Zucker 2 (Andre Burakovsky 2, Bo Horvat 2) at 16:01 (PP)
Penalties :
Elias Pettersson (TOR) for Hooking (Minor) at 1:12, Jake Dotchin (Phi) for Goalie Interference (Minor) at 4:22, Luke Schenn (TOR) for Tripping (Minor) at 7:55, Evander Kane (TOR) for Roughing (Minor) at 12:20, Michael Bournival (Phi) for Hooking (Minor) at 14:47
2nd period
4. Maple Leafs , Zach Werenski 1 (Andre Burakovsky 3) at 5:01 (PP)
5. Flyers , Jeff Carter 1 (Mikko Rantanen 2) at 9:50
6. Flyers , Jeff Carter 2 (Mikko Rantanen 3) at 15:04
Penalties :
Nicholas Baptiste (TOR) for Interference (Minor) at 1:04, Jacob Trouba (Phi) for Cross-checking (Minor) at 4:47, Tye McGinn (TOR) for Hooking (Minor) at 6:34, Jason Zucker (TOR) for Hooking (Minor) at 11:56, Jeff Carter (Phi) for Tripping (Minor) at 16:26, Tye McGinn (TOR) for Tripping (Minor) at 19:00
3rd period
7. Flyers , Nick Ritchie 4 (Jakub Voracek 4, Nathan Beaulieu 2) at 0:14 (PP)
8. Flyers , Jakub Voracek 4 (Nathan Beaulieu 3, Steve Mason) at 4:28 (PP)
9. Maple Leafs , Brayden Schenn 2 (Evander Kane 2, Andre Burakovsky 4) at 5:25
Penalties :
Luke Schenn (TOR) for Tripping (Minor) at 4:16, Evander Kane (TOR) for Charging (Minor) at 5:49, Bo Horvat (TOR) for Hooking (Minor) at 14:18, Patrice Cormier (TOR) for Hooking (Minor) at 18:49
Goalie Stats
Kristers Gudlevskis (TOR), 17 saves from 22 shots - (0.773), L, 1-2-0, 40:14 minutes
Pavel Francouz (TOR), 8 saves from 9 shots - (0.889), 19:46 minutes
Steve Mason (Phi), 22 saves from 25 shots - (0.880), W, 2-0-1, 60:00 minutes
Players Stats for Maple Leafs
Player Name G A P +/- PIM S H SB GA TA FO MP PP MP PK MP
------------------------------------------------------------------------------------
Andre Burakovsky 0 3 3 0 0 4 0 0 0 0 2/4 15:26 3:25 0:00
Ben Smith 0 0 0 -2 0 1 1 0 0 1 0/0 21:07 2:01 10:01
Bo Horvat 0 1 1 -2 2 3 4 0 0 1 8/17 18:07 3:25 5:26
Brandon Saad 0 0 0 0 0 1 0 1 0 0 0/0 9:40 0:00 3:56
Brayden Schenn 1 0 1 0 0 2 2 2 0 0 18/35 24:22 2:01 10:05
Brenden Dillon 0 0 0 0 0 0 0 0 0 0 0/0 15:12 0:00 7:37
Elias Pettersson 0 0 0 -1 2 0 1 1 0 0 3/3 9:17 0:00 0:20
Evander Kane 0 1 1 0 4 3 6 0 1 1 0/0 15:42 2:01 1:19
Haydn Fleury 0 0 0 0 0 1 0 0 0 1 0/0 8:21 0:00 0:10
Jason Zucker 1 0 1 -2 2 1 2 0 0 0 0/0 13:12 3:25 0:39
John Klingberg 0 0 0 -4 0 1 1 6 1 2 0/0 30:07 3:02 10:51
Jon Merrill 0 0 0 -3 0 1 2 1 0 2 0/0 28:30 2:24 10:51
Luke Schenn 0 0 0 1 4 1 1 1 0 1 0/0 20:57 2:24 6:52
Nicholas Baptiste 0 0 0 -1 2 0 0 0 0 0 0/0 8:38 0:00 0:00
Patrice Cormier 0 0 0 0 2 1 2 0 0 0 1/5 5:42 0:00 0:00
Pontus Aberg 0 0 0 0 0 0 1 0 0 1 0/0 5:43 0:00 0:00
Tye McGinn 0 0 0 -1 4 0 1 0 0 0 0/0 14:25 0:00 5:10
Zach Werenski 1 0 1 0 0 5 1 1 2 0 0/0 16:53 3:02 0:35
Players Stats for Flyers
Player Name G A P +/- PIM S H SB GA TA FO MP PP MP PK MP
------------------------------------------------------------------------------------
Blake Heinrich 0 0 0 0 0 0 1 1 0 0 0/0 7:59 0:00 0:14
Brian Lashoff 0 1 1 2 0 2 1 3 2 0 0/0 22:40 8:30 2:13
Brock Nelson 0 0 0 0 0 3 1 0 1 0 1/1 7:36 0:00 0:26
Calle Jarnkrok 0 0 0 0 0 0 0 0 1 1 2/6 10:53 0:14 0:09
Ivan Provorov 0 0 0 2 0 0 0 0 0 1 0/0 22:40 8:30 2:13
Jacob Trouba 0 0 0 1 2 2 0 1 0 0 0/0 29:20 9:58 2:59
Jake Dotchin 0 0 0 1 2 0 0 0 0 0 0/0 8:31 0:00 0:00
Jakub Voracek 1 2 3 0 0 3 0 0 2 0 1/2 21:56 9:57 1:43
Jeff Carter 2 0 2 2 2 2 1 0 0 0 4/8 17:53 8:28 0:59
Jordan Nolan 2 0 2 1 0 3 3 0 1 0 17/35 23:40 9:46 3:23
Max Pacioretty 0 0 0 2 0 0 1 1 0 1 0/1 16:23 8:28 0:00
Michael Bournival 0 0 0 0 2 2 0 0 0 0 0/0 10:09 0:00 0:00
Mikko Rantanen 0 2 2 2 0 1 0 0 0 0 0/0 16:23 8:28 0:00
Nathan Beaulieu 0 2 2 1 0 1 0 4 0 1 0/0 29:35 9:58 3:13
Nick Ritchie 1 1 2 0 0 3 1 1 1 0 3/4 22:45 9:44 3:21
Niclas Bergfors 0 0 0 0 0 2 1 3 2 0 0/0 10:50 0:16 0:00
Travis Konecny 0 0 0 0 0 2 0 0 0 0 0/0 7:01 0:03 0:00
Travis Zajac 0 1 1 1 0 5 0 0 0 0 4/7 8:16 0:00 0:51
3 Stars
1 - Jordan Nolan (Phi)
2 - Jeff Carter (Phi)
3 - Jakub Voracek (Phi)
Power Play
Maple Leafs - 2 on 4 Attempt(s) - 50.00%
Flyers - 2 on 11 Attempt(s) - 18.18%
Penalty Kill
Maple Leafs - 9 on 11 Attempt(s) - 81.82%
- Score 0 goal in Penalty Kill
Flyers - 2 on 4 Attempt(s) - 50.00%
- Score 0 goal in Penalty Kill
Team Stat
Maple Leafs - Hits : 25 - Faceoff Wins : 32 - Blocked Shots : 13 - Penalty Minutes : 22
Flyers - Hits : 10 - Faceoff Wins : 32 - Blocked Shots : 14 - Penalty Minutes : 8
Official
Referees : Ghislain Hebert and Peter MacDougall
Linesman : Devin Berg and James Tobias
Game Notes
Pavel Francouz enters game at 0:14 of 3rd period
Finance
Level 1 -- Attendance: 6000 (100.00%) -- Ticket Income $600,000
Level 2 -- Attendance: 4624 (92.48%) -- Ticket Income $277,440
Level 3 -- Attendance: 1857 (92.85%) -- Ticket Income $64,995
Level 4 -- Attendance: 4000 (100.00%) -- Ticket Income $100,000
Luxury Box -- Attendance: 937 (93.70%) -- Ticket Income $187,400
Game was played at the Wells Fargo Center.
Total Attendance: 17418 (96.77%)
Total Ticket Income: $1,229,835
Other Income: $184,475
Total Income: $1,414,310
Maple Leafs
5 vs 5 Forward
Center Left Wing Right Wing Time % Phy DF OF
1 Brayden Schenn Evander Kane Andre Burakovsky 40 1 1 3
2 Bo Horvat Jason Zucker Ben Smith 30 1 2 2
3 Elias Pettersson Tye McGinn Nicholas Baptiste 20 1 2 2
4 Patrice Cormier Brandon Saad Pontus Aberg 10 1 2 2
5 vs 5 Defense
Defense Defense Time % Phy DF OF
1 Jon Merrill John Klingberg 40 1 3 1
2 Luke Schenn Zach Werenski 30 1 3 1
3 Brenden Dillon Haydn Fleury 20 1 3 1
4 Jon Merrill John Klingberg 10 1 3 1
PowerPlay Forward
Center Left Wing Right Wing Time % Phy DF OF
1 Bo Horvat Jason Zucker Andre Burakovsky 60 0 4 1
2 Brayden Schenn Evander Kane Ben Smith 40 0 4 1
PowerPlay Defense
Defense Defense Time % Phy DF OF
1 John Klingberg Zach Werenski 60 0 2 3
2 Jon Merrill Luke Schenn 40 0 2 3
Penalty Kill 4 Players Forward
Center Wing Time % Phy DF OF
1 Brayden Schenn Ben Smith 60 1 3 1
2 Bo Horvat Tye McGinn 40 1 3 1
Penalty Kill 4 Players Defense
Defense Defense Time % Phy DF OF
1 Jon Merrill John Klingberg 60 1 4 0
2 Luke Schenn Brenden Dillon 40 1 4 0
Penalty Kill - 3 Players Forward
Forward Time % Phy DF OF
1 Brayden Schenn 60 1 3 1
2 Bo Horvat 40 1 3 1
Penalty Kill - 3 Players Defense
Defense Defense Time % Phy DF OF
1 Jon Merrill John Klingberg 60 1 4 0
2 Luke Schenn Brenden Dillon 40 1 4 0
4 vs 4 Forward
Center Wing Time % Phy DF OF
1 Brayden Schenn Ben Smith 60 1 2 2
2 Bo Horvat Tye McGinn 40 1 2 2
4 vs 4 Defense
Defense Defense Time % Phy DF OF
1 Jon Merrill John Klingberg 60 1 3 1
2 Luke Schenn Brenden Dillon 40 1 3 1
Last Minutes Offensive
Center Left Wing Right Wing Defense Defense
Bo Horvat Jason Zucker Andre Burakovsky John Klingberg Zach Werenski
Last Minutes Defensive
Center Left Wing Right Wing Defense Defense
Brayden Schenn Evander Kane Ben Smith Jon Merrill Haydn Fleury
Goaltenders
Starting : Kristers Gudlevskis
Backup : Pavel Francouz
Extra Forwards
Normal : Elias Pettersson, Ben Smith, Andre Burakovsky - PP : Elias Pettersson, Jason Zucker - PK : Brandon Saad
Extra Defensemen
Normal : Zach Werenski, Brenden Dillon, Luke Schenn - PP : Brenden Dillon - PK : Zach Werenski, Haydn Fleury
Penalty Shots
Andre Burakovsky, Elias Pettersson, Evander Kane, John Klingberg, Brayden Schenn
Custom OT Lines Forwards
Brayden Schenn, Bo Horvat, Evander Kane, Andre Burakovsky, Elias Pettersson, Jason Zucker, Ben Smith, Nicholas Baptiste, Tye McGinn, Brandon Saad
Custom OT Lines Defensemen
Jon Merrill, John Klingberg, Zach Werenski, Luke Schenn, Brenden Dillon
Scratches
Brett Pesce (Healthy), Valentin Zykov (Healthy)
Flyers
5 vs 5 Forward
Center Left Wing Right Wing Time % Phy DF OF
1 Jordan Nolan Nick Ritchie Jakub Voracek 40 1 2 2
2 Jeff Carter Max Pacioretty Mikko Rantanen 30 1 2 2
3 Calle Jarnkrok Michael Bournival Niclas Bergfors 20 1 2 2
4 Travis Zajac Brock Nelson Travis Konecny 10 1 2 2
5 vs 5 Defense
Defense Defense Time % Phy DF OF
1 Jacob Trouba Nathan Beaulieu 40 1 2 2
2 Brian Lashoff Ivan Provorov 30 1 2 2
3 Jake Dotchin Blake Heinrich 20 1 2 2
4 Jacob Trouba Nathan Beaulieu 10 1 2 2
PowerPlay Forward
Center Left Wing Right Wing Time % Phy DF OF
1 Jordan Nolan Nick Ritchie Jakub Voracek 60 1 2 2
2 Jeff Carter Max Pacioretty Mikko Rantanen 40 1 2 2
PowerPlay Defense
Defense Defense Time % Phy DF OF
1 Jacob Trouba Nathan Beaulieu 60 1 2 2
2 Brian Lashoff Ivan Provorov 40 1 2 2
Penalty Kill 4 Players Forward
Center Wing Time % Phy DF OF
1 Jordan Nolan Nick Ritchie 60 1 2 2
2 Jakub Voracek Jeff Carter 40 1 2 2
Penalty Kill 4 Players Defense
Defense Defense Time % Phy DF OF
1 Jacob Trouba Nathan Beaulieu 60 1 2 2
2 Brian Lashoff Ivan Provorov 40 1 2 2
Penalty Kill - 3 Players Forward
Forward Time % Phy DF OF
1 Jordan Nolan 60 1 2 2
2 Nick Ritchie 40 1 2 2
Penalty Kill - 3 Players Defense
Defense Defense Time % Phy DF OF
1 Jacob Trouba Nathan Beaulieu 60 1 2 2
2 Brian Lashoff Ivan Provorov 40 1 2 2
4 vs 4 Forward
Center Wing Time % Phy DF OF
1 Jordan Nolan Nick Ritchie 60 1 2 2
2 Jakub Voracek Jeff Carter 40 1 2 2
4 vs 4 Defense
Defense Defense Time % Phy DF OF
1 Jacob Trouba Nathan Beaulieu 60 1 2 2
2 Brian Lashoff Ivan Provorov 40 1 2 2
Last Minutes Offensive
Center Left Wing Right Wing Defense Defense
Jordan Nolan Nick Ritchie Jakub Voracek Jacob Trouba Nathan Beaulieu
Last Minutes Defensive
Center Left Wing Right Wing Defense Defense
Jordan Nolan Nick Ritchie Jakub Voracek Jacob Trouba Nathan Beaulieu
Goaltenders
Starting : Steve Mason
Backup : Ilya Sorokin
Extra Forwards
Normal : Niclas Bergfors, Calle Jarnkrok, Travis Zajac - PP : Niclas Bergfors, Calle Jarnkrok - PK : Travis Zajac
Extra Defensemen
Normal : Jake Dotchin, Blake Heinrich, Brian Lashoff - PP : Jake Dotchin - PK : Blake Heinrich, Brian Lashoff
Penalty Shots
Jordan Nolan, Nick Ritchie, Jakub Voracek, Jeff Carter, Mikko Rantanen
Custom OT Lines Forwards
Jordan Nolan, Nick Ritchie, Jakub Voracek, Jeff Carter, Mikko Rantanen, Max Pacioretty, Niclas Bergfors, Calle Jarnkrok, Travis Zajac, Travis Konecny
Custom OT Lines Defensemen
Jacob Trouba, Nathan Beaulieu, Brian Lashoff, Ivan Provorov, Jake Dotchin
Scratches
None
% Time on Ice - Maple Leafs
Lines # - Real PCT - Wanted PCT - Time Play
Normal Forward
1 - 35% - 40% - 12:34
2 - 26% - 30% - 9:15
3 - 24% - 20% - 8:34
4 - 16% - 10% - 5:43
Normal Defense
1 - 45% - 40% - 16:14
2 - 32% - 30% - 11:41
3 - 23% - 20% - 8:11
4 - 0% - 10% - 0:00
PP Forward
1 - 63% - 60% - 3:25
2 - 37% - 40% - 2:01
PP Defense
1 - 56% - 60% - 3:02
2 - 44% - 40% - 2:24
PK Forward
1 - 65% - 60% - 12:05
2 - 35% - 40% - 6:23
PK Defense
1 - 59% - 60% - 10:51
2 - 41% - 40% - 7:37
PK3 Forward
1 - 0% - 60%
2 - 0% - 40%
PK3 Defense
1 - 0% - 60%
2 - 0% - 40%
44 Forward
1 - 0% - 60%
2 - 0% - 40%
44 Defense
1 - 0% - 60%
2 - 0% - 40%
Last Minute Offensive - 0:00
Last Minute Defensive - 0:00
Total
Forward - 60:00
Defense - 60:00
|
% Time on Ice - Flyers
Lines # - Real PCT - Wanted PCT - Time Play
Normal Forward
1 - 30% - 40% - 10:51
2 - 23% - 30% - 8:27
3 - 28% - 20% - 10:10
4 - 18% - 10% - 6:38
Normal Defense
1 - 45% - 40% - 16:24
2 - 33% - 30% - 11:57
3 - 21% - 20% - 7:45
4 - 0% - 10% - 0:00
PP Forward
1 - 54% - 60% - 10:00
2 - 46% - 40% - 8:28
PP Defense
1 - 54% - 60% - 9:58
2 - 46% - 40% - 8:30
PK Forward
1 - 68% - 60% - 3:43
2 - 32% - 40% - 1:43
PK Defense
1 - 59% - 60% - 3:13
2 - 41% - 40% - 2:13
PK3 Forward
1 - 0% - 60%
2 - 0% - 40%
PK3 Defense
1 - 0% - 60%
2 - 0% - 40%
44 Forward
1 - 0% - 60%
2 - 0% - 40%
44 Defense
1 - 0% - 60%
2 - 0% - 40%
Last Minute Offensive - 0:00
Last Minute Defensive - 0:00
Total
Forward - 60:00
Defense - 60:00
|
Play-by-Play
1st period
0:01 of 1st period - Brayden Schenn wins face-off versus Jordan Nolan in neutral zone.
1:04 of 1st period - Slapshot by Calle Jarnkrok.
1:04 of 1st period - Shot Misses the Net.
1:12 of 1st period - Minor Penalty to Elias Pettersson for Hooking.
1:13 of 1st period - Jordan Nolan wins face-off versus Brayden Schenn in Maple Leafs zone.
1:30 of 1st period - Snap shot by Nick Ritchie.
1:30 of 1st period - Deflect By Jakub Voracek.
1:30 of 1st period - Stopped by Kristers Gudlevskis with a rebound.
2:45 of 1st period - Brian Lashoff is hit by Evander Kane and loses puck.
3:12 of 1st period - Penalty to Elias Pettersson is over, Elias Pettersson is back on ice.
3:22 of 1st period - Slapshot by Zach Werenski.
3:22 of 1st period - Stopped by Steve Mason without a rebound.
3:23 of 1st period - Brock Nelson wins face-off versus Patrice Cormier in Flyers zone.
3:27 of 1st period - Off-side.
3:28 of 1st period - Calle Jarnkrok wins face-off versus Patrice Cormier in neutral zone.
4:03 of 1st period - Slapshot by Pontus Aberg.
4:03 of 1st period - Shot Misses the Net.
4:05 of 1st period - Snap shot by Patrice Cormier.
4:05 of 1st period - Shot Misses the Net.
4:07 of 1st period - Slapshot by Zach Werenski.
4:07 of 1st period - Deflect By Michael Bournival.
4:07 of 1st period - Stopped by Steve Mason with a rebound.
4:09 of 1st period - Slapshot by Haydn Fleury.
4:09 of 1st period - Shot Blocked by Niclas Bergfors.
4:15 of 1st period - Wrist shot by Brandon Saad.
4:15 of 1st period - Stopped by Steve Mason with a rebound.
4:22 of 1st period - Minor Penalty to Jake Dotchin for Goalie Interference.
4:23 of 1st period - Bo Horvat wins face-off versus Jordan Nolan in Flyers zone.
4:31 of 1st period - Bo Horvat is hit by Jordan Nolan and loses puck.
6:22 of 1st period - Penalty to Jake Dotchin is over, Jake Dotchin is back on ice.
6:32 of 1st period - Wrist shot by Travis Zajac.
6:32 of 1st period - Stopped by Kristers Gudlevskis with a rebound.
7:06 of 1st period - Wrist shot by Travis Zajac.
7:06 of 1st period - Stopped by Kristers Gudlevskis with a rebound.
7:08 of 1st period - Snap shot by Jordan Nolan.
7:08 of 1st period - Goal by Jordan Nolan - Maple Leafs : 0 - Flyers : 1.
7:09 of 1st period - Andre Burakovsky wins face-off versus Jeff Carter in neutral zone.
7:16 of 1st period - Slapshot by Andre Burakovsky.
7:16 of 1st period - Stopped by Steve Mason with a rebound.
7:18 of 1st period - Slapshot by Haydn Fleury.
7:18 of 1st period - Shot Misses the Net.
7:38 of 1st period - Icing by Bo Horvat.
7:39 of 1st period - Calle Jarnkrok wins face-off versus Bo Horvat in Maple Leafs zone.
7:40 of 1st period - Slapshot by Niclas Bergfors.
7:40 of 1st period - Stopped by Kristers Gudlevskis with a rebound.
7:42 of 1st period - Slapshot by Brian Lashoff.
7:42 of 1st period - Shot Misses the Net.
7:44 of 1st period - Slapshot by Ivan Provorov.
7:44 of 1st period - Shot Blocked by John Klingberg.
7:46 of 1st period - Wrist shot by Michael Bournival.
7:46 of 1st period - Stopped by Kristers Gudlevskis with a rebound.
7:48 of 1st period - Slapshot by Brian Lashoff.
7:48 of 1st period - Stopped by Kristers Gudlevskis without a rebound.
7:49 of 1st period - Jeff Carter wins face-off versus Brayden Schenn in Maple Leafs zone.
7:55 of 1st period - Minor Penalty to Luke Schenn for Tripping.
7:56 of 1st period - Jordan Nolan wins face-off versus Brayden Schenn in Maple Leafs zone.
7:58 of 1st period - Wrist shot by Nick Ritchie.
7:58 of 1st period - Shot Misses the Net.
9:29 of 1st period - Slapshot by Brandon Saad.
9:29 of 1st period - Deflect By Evander Kane.
9:29 of 1st period - Stopped by Steve Mason with a rebound.
9:47 of 1st period - Nathan Beaulieu is hit by John Klingberg and loses puck.
9:55 of 1st period - Penalty to Luke Schenn is over, Luke Schenn is back on ice.
10:28 of 1st period - Slapshot by Niclas Bergfors.
10:28 of 1st period - Shot Misses the Net.
10:30 of 1st period - Backhand shot by Jacob Trouba.
10:30 of 1st period - Stopped by Kristers Gudlevskis without a rebound.
10:31 of 1st period - Patrice Cormier wins face-off versus Travis Zajac in Maple Leafs zone.
10:38 of 1st period - Snap shot by Pontus Aberg.
10:38 of 1st period - Shot Blocked by Blake Heinrich.
10:40 of 1st period - Wrist shot by Zach Werenski.
10:40 of 1st period - Shot Misses the Net.
10:42 of 1st period - Slapshot by Luke Schenn.
10:42 of 1st period - Stopped by Steve Mason with a rebound.
10:44 of 1st period - Wrist shot by Patrice Cormier.
10:44 of 1st period - Stopped by Steve Mason without a rebound.
10:45 of 1st period - Jordan Nolan wins face-off versus Brayden Schenn in Flyers zone.
10:58 of 1st period - Snap shot by Jordan Nolan.
10:58 of 1st period - Goal by Jordan Nolan - Maple Leafs : 0 - Flyers : 2.
10:59 of 1st period - Brayden Schenn wins face-off versus Jordan Nolan in neutral zone.
11:51 of 1st period - Ivan Provorov is hit by Elias Pettersson and loses puck.
12:04 of 1st period - Haydn Fleury is hit by Brock Nelson and loses puck.
12:13 of 1st period - Snap shot by Travis Konecny.
12:13 of 1st period - Deflect By Brock Nelson.
12:13 of 1st period - Stopped by Kristers Gudlevskis with a rebound.
12:15 of 1st period - Snap shot by Brian Lashoff.
12:15 of 1st period - Stopped by Kristers Gudlevskis without a rebound.
12:16 of 1st period - Jordan Nolan wins face-off versus Brayden Schenn in Maple Leafs zone.
12:20 of 1st period - Minor Penalty to Evander Kane for Roughing.
12:21 of 1st period - Brayden Schenn wins face-off versus Jordan Nolan in Maple Leafs zone.
13:37 of 1st period - Slapshot by John Klingberg.
13:37 of 1st period - Shot Blocked by Brian Lashoff.
14:20 of 1st period - Penalty to Evander Kane is over, Evander Kane is back on ice.
14:25 of 1st period - Slapshot by Zach Werenski.
14:25 of 1st period - Shot Blocked by Niclas Bergfors.
14:27 of 1st period - Snap shot by Luke Schenn.
14:27 of 1st period - Shot Blocked by Nathan Beaulieu.
14:31 of 1st period - Slapshot by Zach Werenski.
14:31 of 1st period - Stopped by Steve Mason without a rebound.
14:32 of 1st period - Elias Pettersson wins face-off versus Calle Jarnkrok in Flyers zone.
14:47 of 1st period - Minor Penalty to Michael Bournival for Hooking.
14:48 of 1st period - Bo Horvat wins face-off versus Jordan Nolan in Flyers zone.
14:56 of 1st period - Snap shot by Andre Burakovsky.
14:56 of 1st period - Shot Blocked by Brian Lashoff.
14:58 of 1st period - Slapshot by Zach Werenski.
14:58 of 1st period - Deflect By Andre Burakovsky.
14:58 of 1st period - Shot Misses the Net.
14:58 of 1st period - Puck is out of play.
14:59 of 1st period - Andre Burakovsky wins face-off versus Jordan Nolan in Flyers zone.
15:30 of 1st period - Slapshot by John Klingberg.
15:30 of 1st period - Deflect By Ben Smith.
15:30 of 1st period - Shot Misses the Net.
15:30 of 1st period - Puck is out of play.
15:31 of 1st period - Bo Horvat wins face-off versus Jakub Voracek in Flyers zone.
15:34 of 1st period - Wrist shot by Andre Burakovsky.
15:34 of 1st period - Shot Misses the Net.
15:36 of 1st period - Wrist shot by Luke Schenn.
15:36 of 1st period - Shot Misses the Net.
15:38 of 1st period - Snap shot by Andre Burakovsky.
15:38 of 1st period - Stopped by Steve Mason without a rebound.
15:39 of 1st period - Nick Ritchie wins face-off versus Andre Burakovsky in Flyers zone.
15:39 of 1st period - Nick Ritchie is hit by Jason Zucker.
16:01 of 1st period - Slapshot by Jason Zucker.
16:01 of 1st period - Goal by Jason Zucker - Maple Leafs : 1 - Flyers : 2.
16:02 of 1st period - Brayden Schenn wins face-off versus Nick Ritchie in neutral zone.
16:05 of 1st period - Slapshot by John Klingberg.
16:05 of 1st period - Stopped by Steve Mason without a rebound.
16:06 of 1st period - Brayden Schenn wins face-off versus Jordan Nolan in Flyers zone.
16:19 of 1st period - Snap shot by Nick Ritchie.
16:19 of 1st period - Shot Blocked by John Klingberg.
16:21 of 1st period - Snap shot by Nick Ritchie.
16:21 of 1st period - Shot Misses the Net.
16:33 of 1st period - Slapshot by Jacob Trouba.
16:33 of 1st period - Stopped by Kristers Gudlevskis with a rebound.
16:35 of 1st period - Slapshot by Jacob Trouba.
16:35 of 1st period - Shot Misses the Net.
16:57 of 1st period - Slapshot by Andre Burakovsky.
16:57 of 1st period - Stopped by Steve Mason with a rebound.
16:59 of 1st period - Wrist shot by Andre Burakovsky.
16:59 of 1st period - Shot Misses the Net.
17:01 of 1st period - Snap shot by Brayden Schenn.
17:01 of 1st period - Stopped by Steve Mason without a rebound.
17:02 of 1st period - Jordan Nolan wins face-off versus Bo Horvat in Flyers zone.
17:02 of 1st period - Jordan Nolan is hit by Bo Horvat.
18:01 of 1st period - Icing by Travis Konecny.
18:02 of 1st period - Travis Zajac wins face-off versus Bo Horvat in Flyers zone.
18:13 of 1st period - Snap shot by Bo Horvat.
18:13 of 1st period - Stopped by Steve Mason without a rebound.
18:14 of 1st period - Jordan Nolan wins face-off versus Brayden Schenn in Flyers zone.
18:14 of 1st period - Jordan Nolan is hit by Evander Kane.
18:23 of 1st period - Jacob Trouba is hit by Evander Kane and loses puck.
18:47 of 1st period - Wrist shot by Mikko Rantanen.
18:47 of 1st period - Shot Blocked by Jon Merrill.
18:55 of 1st period - Jeff Carter is hit by Jason Zucker.
19:07 of 1st period - John Klingberg is hit by Niclas Bergfors and loses puck.
Goals for this period are 1 for Maple Leafs vs 2 for Flyers.
Shots for this period are 14 for Maple Leafs vs 12 for Flyers.
2nd period
0:01 of 2nd period - Brayden Schenn wins face-off versus Jordan Nolan in neutral zone.
0:17 of 2nd period - Slapshot by Jon Merrill.
0:17 of 2nd period - Shot Blocked by Nick Ritchie.
1:04 of 2nd period - Minor Penalty to Nicholas Baptiste for Interference.
1:05 of 2nd period - Nick Ritchie wins face-off versus Brayden Schenn in Maple Leafs zone.
1:25 of 2nd period - Ben Smith is hit by Jordan Nolan and loses puck.
2:00 of 2nd period - Jakub Voracek is hit by Brayden Schenn and loses puck.
2:58 of 2nd period - Jacob Trouba is hit by Jon Merrill.
3:04 of 2nd period - Penalty to Nicholas Baptiste is over, Nicholas Baptiste is back on ice.
3:18 of 2nd period - Snap shot by Travis Konecny.
3:18 of 2nd period - Shot Misses the Net.
3:58 of 2nd period - Wrist shot by Tye McGinn.
3:58 of 2nd period - Deflect By Elias Pettersson.
3:58 of 2nd period - Shot Blocked by Niclas Bergfors.
3:58 of 2nd period - Puck is out of play.
3:59 of 2nd period - Bo Horvat wins face-off versus Calle Jarnkrok in Flyers zone.
4:26 of 2nd period - Wrist shot by Elias Pettersson.
4:26 of 2nd period - Shot Misses the Net.
4:28 of 2nd period - Snap shot by Brenden Dillon.
4:28 of 2nd period - Shot Blocked by Max Pacioretty.
4:30 of 2nd period - Wrist shot by Nicholas Baptiste.
4:30 of 2nd period - Shot Misses the Net.
4:46 of 2nd period - Snap shot by Brian Lashoff.
4:46 of 2nd period - Deflect By Jakub Voracek.
4:46 of 2nd period - Shot Misses the Net.
4:46 of 2nd period - Puck is out of play.
4:47 of 2nd period - Nick Ritchie wins face-off versus Bo Horvat in Maple Leafs zone.
4:47 of 2nd period - Minor Penalty to Jacob Trouba for Cross-checking.
4:48 of 2nd period - Jordan Nolan wins face-off versus Bo Horvat in Flyers zone.
5:01 of 2nd period - Slapshot by Zach Werenski.
5:01 of 2nd period - Goal by Zach Werenski - Maple Leafs : 2 - Flyers : 2.
5:02 of 2nd period - Brayden Schenn wins face-off versus Jordan Nolan in neutral zone.
5:11 of 2nd period - Snap shot by Andre Burakovsky.
5:11 of 2nd period - Shot Misses the Net.
5:13 of 2nd period - Slapshot by Jon Merrill.
5:13 of 2nd period - Stopped by Steve Mason without a rebound.
5:14 of 2nd period - Brayden Schenn wins face-off versus Jordan Nolan in Flyers zone.
5:26 of 2nd period - Slapshot by Jacob Trouba.
5:26 of 2nd period - Shot Blocked by Brayden Schenn.
5:28 of 2nd period - Snap shot by Nathan Beaulieu.
5:28 of 2nd period - Shot Blocked by John Klingberg.
5:30 of 2nd period - Wrist shot by Jacob Trouba.
5:30 of 2nd period - Shot Misses the Net.
6:20 of 2nd period - Wrist shot by Travis Zajac.
6:20 of 2nd period - Shot Blocked by John Klingberg.
6:34 of 2nd period - Minor Penalty to Tye McGinn for Hooking.
6:35 of 2nd period - Brayden Schenn wins face-off versus Jordan Nolan in Maple Leafs zone.
6:35 of 2nd period - Brayden Schenn is hit by Nick Ritchie.
7:34 of 2nd period - Icing by Mikko Rantanen.
7:35 of 2nd period - Bo Horvat wins face-off versus Jeff Carter in Flyers zone.
7:50 of 2nd period - Jakub Voracek is hit by Jon Merrill.
8:34 of 2nd period - Penalty to Tye McGinn is over, Tye McGinn is back on ice.
9:09 of 2nd period - Wrist shot by Brock Nelson.
9:09 of 2nd period - Stopped by Kristers Gudlevskis without a rebound.
9:10 of 2nd period - Travis Zajac wins face-off versus Patrice Cormier in Maple Leafs zone.
9:13 of 2nd period - Wrist shot by Brock Nelson.
9:13 of 2nd period - Stopped by Kristers Gudlevskis without a rebound.
9:14 of 2nd period - Brayden Schenn wins face-off versus Jordan Nolan in Maple Leafs zone.
9:28 of 2nd period - Snap shot by Evander Kane.
9:28 of 2nd period - Stopped by Steve Mason with a rebound.
9:50 of 2nd period - Snap shot by Jeff Carter.
9:50 of 2nd period - Goal by Jeff Carter - Maple Leafs : 2 - Flyers : 3.
9:51 of 2nd period - Brayden Schenn wins face-off versus Jordan Nolan in neutral zone.
10:05 of 2nd period - Wrist shot by Jakub Voracek.
10:05 of 2nd period - Shot Blocked by Zach Werenski.
10:07 of 2nd period - Slapshot by Jacob Trouba.
10:07 of 2nd period - Shot Blocked by Luke Schenn.
11:23 of 2nd period - Brian Lashoff is hit by Patrice Cormier and loses puck.
11:32 of 2nd period - Snap shot by Jakub Voracek.
11:32 of 2nd period - Stopped by Kristers Gudlevskis without a rebound.
11:33 of 2nd period - Bo Horvat wins face-off versus Jeff Carter in Maple Leafs zone.
11:40 of 2nd period - Slapshot by Zach Werenski.
11:40 of 2nd period - Stopped by Steve Mason with a rebound.
11:56 of 2nd period - Minor Penalty to Jason Zucker for Hooking.
11:57 of 2nd period - Brayden Schenn wins face-off versus Jordan Nolan in Maple Leafs zone.
13:56 of 2nd period - Penalty to Jason Zucker is over, Jason Zucker is back on ice.
13:58 of 2nd period - Slapshot by Jon Merrill.
13:58 of 2nd period - Deflect By Bo Horvat.
13:58 of 2nd period - Stopped by Steve Mason with a rebound.
14:30 of 2nd period - Snap shot by Travis Konecny.
14:30 of 2nd period - Stopped by Kristers Gudlevskis without a rebound.
14:31 of 2nd period - Travis Zajac wins face-off versus Brayden Schenn in Maple Leafs zone.
14:42 of 2nd period - Snap shot by Travis Zajac.
14:42 of 2nd period - Stopped by Kristers Gudlevskis without a rebound.
14:43 of 2nd period - Jordan Nolan wins face-off versus Brayden Schenn in Maple Leafs zone.
14:58 of 2nd period - Backhand shot by Jordan Nolan.
14:58 of 2nd period - Shot Misses the Net.
15:00 of 2nd period - Snap shot by Nathan Beaulieu.
15:00 of 2nd period - Stopped by Kristers Gudlevskis without a rebound.
15:01 of 2nd period - Jeff Carter wins face-off versus Bo Horvat in Maple Leafs zone.
15:04 of 2nd period - Snap shot by Jeff Carter.
15:04 of 2nd period - Deflect By John Klingberg.
15:04 of 2nd period - Goal by Jeff Carter - Maple Leafs : 2 - Flyers : 4.
15:05 of 2nd period - Brayden Schenn wins face-off versus Jordan Nolan in neutral zone.
15:32 of 2nd period - Jacob Trouba is hit by Bo Horvat and loses puck.
15:43 of 2nd period - Snap shot by Jason Zucker.
15:43 of 2nd period - Shot Blocked by Nathan Beaulieu.
15:45 of 2nd period - Wrist shot by Jason Zucker.
15:45 of 2nd period - Shot Misses the Net.
16:18 of 2nd period - Zach Werenski is hit by Jordan Nolan.
16:22 of 2nd period - Snap shot by Evander Kane.
16:22 of 2nd period - Stopped by Steve Mason without a rebound.
16:23 of 2nd period - Jeff Carter wins face-off versus Bo Horvat in Flyers zone.
16:23 of 2nd period - Jeff Carter is hit by Bo Horvat.
16:26 of 2nd period - Minor Penalty to Jeff Carter for Tripping.
16:27 of 2nd period - Jordan Nolan wins face-off versus Andre Burakovsky in Flyers zone.
16:31 of 2nd period - Slapshot by Jacob Trouba.
16:31 of 2nd period - Deflect By Jordan Nolan.
16:31 of 2nd period - Stopped by Kristers Gudlevskis without a rebound.
16:32 of 2nd period - Jordan Nolan wins face-off versus Bo Horvat in Maple Leafs zone.
16:33 of 2nd period - Wrist shot by Nick Ritchie.
16:33 of 2nd period - Shot Blocked by John Klingberg.
17:23 of 2nd period - Brian Lashoff is hit by Luke Schenn and loses puck.
18:26 of 2nd period - Penalty to Jeff Carter is over, Jeff Carter is back on ice.
18:37 of 2nd period - Jacob Trouba is hit by Tye McGinn.
18:57 of 2nd period - Wrist shot by Jeff Carter.
18:57 of 2nd period - Deflect By Brock Nelson.
18:57 of 2nd period - Shot Blocked by Brandon Saad.
18:57 of 2nd period - Puck is out of play.
18:58 of 2nd period - Elias Pettersson wins face-off versus Calle Jarnkrok in Maple Leafs zone.
19:00 of 2nd period - Minor Penalty to Tye McGinn for Tripping.
19:01 of 2nd period - Jeff Carter wins face-off versus Brayden Schenn in Maple Leafs zone.
Goals for this period are 1 for Maple Leafs vs 2 for Flyers.
Shots for this period are 6 for Maple Leafs vs 9 for Flyers.
3rd period
0:01 of 3rd period - Jordan Nolan wins face-off versus Brayden Schenn in neutral zone.
0:08 of 3rd period - Snap shot by Nathan Beaulieu.
0:08 of 3rd period - Shot Blocked by John Klingberg.
0:14 of 3rd period - Snap shot by Jakub Voracek.
0:14 of 3rd period - Deflect By Nick Ritchie.
0:14 of 3rd period - Goal by Nick Ritchie - Maple Leafs : 2 - Flyers : 5.
0:14 of 3rd period - Pavel Francouz enters game.
0:15 of 3rd period - Jakub Voracek wins face-off versus Brayden Schenn in neutral zone.
0:32 of 3rd period - Slapshot by Brayden Schenn.
0:32 of 3rd period - Shot Misses the Net.
0:57 of 3rd period - Mikko Rantanen is hit by Bo Horvat and loses puck.
1:16 of 3rd period - Wrist shot by Michael Bournival.
1:16 of 3rd period - Stopped by Pavel Francouz with a rebound.
1:18 of 3rd period - Wrist shot by Niclas Bergfors.
1:18 of 3rd period - Shot Blocked by Elias Pettersson.
1:20 of 3rd period - Snap shot by Nathan Beaulieu.
1:20 of 3rd period - Deflect By Niclas Bergfors.
1:20 of 3rd period - Stopped by Pavel Francouz with a rebound.
1:50 of 3rd period - Haydn Fleury is hit by Brian Lashoff.
2:42 of 3rd period - Niclas Bergfors is hit by Evander Kane and loses puck.
2:50 of 3rd period - Icing by Ivan Provorov.
2:51 of 3rd period - Elias Pettersson wins face-off versus Calle Jarnkrok in Flyers zone.
4:02 of 3rd period - Nathan Beaulieu is hit by Zach Werenski.
4:06 of 3rd period - Wrist shot by Mikko Rantanen.
4:06 of 3rd period - Stopped by Pavel Francouz with a rebound.
4:10 of 3rd period - Slapshot by Nathan Beaulieu.
4:10 of 3rd period - Shot Misses the Net.
4:16 of 3rd period - Minor Penalty to Luke Schenn for Tripping.
4:17 of 3rd period - Brayden Schenn wins face-off versus Jordan Nolan in Maple Leafs zone.
4:28 of 3rd period - Snap shot by Jakub Voracek.
4:28 of 3rd period - Goal by Jakub Voracek - Maple Leafs : 2 - Flyers : 6.
4:29 of 3rd period - Jordan Nolan wins face-off versus Brayden Schenn in neutral zone.
4:40 of 3rd period - Snap shot by Andre Burakovsky.
4:40 of 3rd period - Shot Misses the Net.
4:46 of 3rd period - Snap shot by Andre Burakovsky.
4:46 of 3rd period - Stopped by Steve Mason without a rebound.
4:47 of 3rd period - Bo Horvat wins face-off versus Max Pacioretty in Flyers zone.
4:56 of 3rd period - Wrist shot by Bo Horvat.
4:56 of 3rd period - Stopped by Steve Mason with a rebound.
4:58 of 3rd period - Backhand shot by Jon Merrill.
4:58 of 3rd period - Shot Blocked by Nathan Beaulieu.
5:00 of 3rd period - Slapshot by Ben Smith.
5:00 of 3rd period - Shot Misses the Net.
5:02 of 3rd period - Wrist shot by Jason Zucker.
5:02 of 3rd period - Shot Blocked by Nathan Beaulieu.
5:04 of 3rd period - Wrist shot by Ben Smith.
5:04 of 3rd period - Shot Blocked by Jacob Trouba.
5:14 of 3rd period - Nathan Beaulieu is hit by Evander Kane and loses puck.
5:25 of 3rd period - Snap shot by Brayden Schenn.
5:25 of 3rd period - Goal by Brayden Schenn - Maple Leafs : 3 - Flyers : 6.
5:26 of 3rd period - Jordan Nolan wins face-off versus Brayden Schenn in neutral zone.
5:49 of 3rd period - Minor Penalty to Evander Kane for Charging.
5:50 of 3rd period - Brayden Schenn wins face-off versus Jordan Nolan in Maple Leafs zone.
7:14 of 3rd period - Wrist shot by Brandon Saad.
7:14 of 3rd period - Shot Blocked by Brian Lashoff.
7:49 of 3rd period - Penalty to Evander Kane is over, Evander Kane is back on ice.
8:17 of 3rd period - Icing by Patrice Cormier.
8:18 of 3rd period - Travis Zajac wins face-off versus Patrice Cormier in Maple Leafs zone.
8:19 of 3rd period - Slapshot by Travis Konecny.
8:19 of 3rd period - Shot Misses the Net.
8:21 of 3rd period - Wrist shot by Travis Zajac.
8:21 of 3rd period - Shot Misses the Net.
8:33 of 3rd period - Snap shot by Travis Konecny.
8:33 of 3rd period - Stopped by Pavel Francouz with a rebound.
9:31 of 3rd period - Wrist shot by Nick Ritchie.
9:31 of 3rd period - Stopped by Pavel Francouz without a rebound.
9:32 of 3rd period - Brayden Schenn wins face-off versus Jordan Nolan in Maple Leafs zone.
9:42 of 3rd period - Slapshot by Haydn Fleury.
9:42 of 3rd period - Stopped by Steve Mason with a rebound.
10:03 of 3rd period - Zach Werenski is hit by Jeff Carter and loses puck.
10:50 of 3rd period - Zach Werenski is hit by Blake Heinrich and loses puck.
11:07 of 3rd period - Blake Heinrich is hit by Pontus Aberg and loses puck.
11:16 of 3rd period - Blake Heinrich is hit by Patrice Cormier.
11:46 of 3rd period - Icing by Nathan Beaulieu.
11:47 of 3rd period - Bo Horvat wins face-off versus Travis Zajac in Flyers zone.
11:48 of 3rd period - Slapshot by Ben Smith.
11:48 of 3rd period - Stopped by Steve Mason without a rebound.
11:49 of 3rd period - Brayden Schenn wins face-off versus Travis Zajac in Flyers zone.
12:31 of 3rd period - Slapshot by Travis Zajac.
12:31 of 3rd period - Stopped by Pavel Francouz with a rebound.
12:45 of 3rd period - Snap shot by Brayden Schenn.
12:45 of 3rd period - Shot Misses the Net.
13:01 of 3rd period - Snap shot by Travis Zajac.
13:01 of 3rd period - Stopped by Pavel Francouz without a rebound.
13:02 of 3rd period - Jordan Nolan wins face-off versus Bo Horvat in Maple Leafs zone.
14:18 of 3rd period - Minor Penalty to Bo Horvat for Hooking.
14:19 of 3rd period - Jordan Nolan wins face-off versus Brayden Schenn in Maple Leafs zone.
16:18 of 3rd period - Penalty to Bo Horvat is over, Bo Horvat is back on ice.
16:43 of 3rd period - Ivan Provorov is hit by Ben Smith and loses puck.
17:10 of 3rd period - Brock Nelson is hit by Evander Kane and loses puck.
17:18 of 3rd period - Brock Nelson is hit by Brayden Schenn and loses puck.
18:25 of 3rd period - Nicholas Baptiste is hit by Max Pacioretty and loses puck.
18:49 of 3rd period - Minor Penalty to Patrice Cormier for Hooking.
18:50 of 3rd period - Jordan Nolan wins face-off versus Brayden Schenn in Maple Leafs zone.
18:51 of 3rd period - Snap shot by Nick Ritchie.
18:51 of 3rd period - Stopped by Pavel Francouz with a rebound.
19:20 of 3rd period - Icing by Jacob Trouba.
19:21 of 3rd period - Brayden Schenn wins face-off versus Jeff Carter in Flyers zone.
19:38 of 3rd period - Slapshot by Max Pacioretty.
19:38 of 3rd period - Deflect By Jeff Carter.
19:38 of 3rd period - Shot Blocked by Brayden Schenn.
19:38 of 3rd period - Puck is out of play.
19:39 of 3rd period - Jordan Nolan wins face-off versus Brayden Schenn in Maple Leafs zone.
Goals for this period are 1 for Maple Leafs vs 2 for Flyers.
Shots for this period are 5 for Maple Leafs vs 10 for Flyers.